 Dungeon Crawl Stone Soup version 0.30-a0-578-gdee14c521f (webtiles) character file.

Game seed: 18391582817917379802

26 wormed the Shooter (level 2, -1/15 HPs)
             Began as a Spriggan Hunter on Dec 31, 2022.
             Succumbed to an adder's poison
             ... on level 2 of the Dungeon.
             The game lasted 00:01:18 (704 turns).

wormed the Shooter (Spriggan Hunter)                 Turns: 704, Time: 00:01:19

Health: -1/15      AC:  2    Str:  7    XL:     2   Next: 89%
Magic:  3/3        EV: 18    Int: 10    God:
Gold:   116        SH:  0    Dex: 18    Spells: 1/1 levels left

rFire   . . .      SeeInvis +    a - +0 shortbow
rCold   . . .      Faith    .    (shield currently unavailable)
rNeg    . . .      Spirit   .    c - +0 robe
rPois   .          Reflect  .    (helmet restricted)
rElec   .          Harm     .    (no cloak)
rCorr   .          Rampage  .    (gloves unavailable)
Will    .....                    (boots unavailable)
Stlth   ++                       (no amulet)
HPRegen 0.22/turn                (no ring)
MPRegen 0.08/turn                (no ring)

@: lethally poisoned (-1 -> -11), attractive, very quick
A: very small, no large weapons, unfitting armour, see invisible, speed 3
a: no special abilities


You were on level 2 of the Dungeon.
You visited 1 branch of the dungeon, and saw 2 of its levels.

You collected 116 gold pieces.

Inventory:

Hand Weapons
 a - a +0 shortbow (weapon)
Armour
 c - a +0 robe (worn)
Jewellery
 h - a ring of protection from fire
Scrolls
 b - a scroll of immolation
 d - a scroll of identify {unknown}
 e - a scroll of vulnerability {unknown}
 i - 2 scrolls of teleportation {unknown}
Potions
 g - a potion of curing {unknown}


   Skills:
 + Level 1.9 Fighting
 * Level 4.3 Ranged Weapons
 + Level 3.1 Dodging
 + Level 2.5 Stealth


You had one spell level left.
You didn't know any spells.
Your spell library was empty.

Dungeon Overview and Level Annotations

Branches:
Dungeon (2/15)

Altars:


Innate Abilities, Weirdness & Mutations

You are very small and have problems with some larger weapons.
You are too small for most types of armour.
You have supernaturally acute eyesight. (SInv)
You cover ground extremely quickly. (Speed+++)


Message History

No target in view!
You see here a bat corpse.
An adder comes into view.
An adder is nearby!
An adder is nearby!
You shoot an arrow. The arrow hits the adder.
The adder hisses angrily.
The adder is lightly wounded.
You shoot an arrow. The arrow misses the adder.
The adder completely misses you.
You shoot an arrow. The arrow closely misses the adder.
The adder misses you.
You shoot an arrow. The arrow barely misses the adder.
The adder bites you. The adder closely misses you.
You shoot an arrow. The arrow closely misses the adder.
The adder closely misses you. The adder misses you.
You shoot an arrow. The arrow hits the adder.
The adder is lightly wounded.
The adder completely misses you.
You shoot an arrow. The arrow hits the adder.
The adder is moderately wounded.
The adder closely misses you. The adder misses you.
You shoot an arrow. The arrow barely misses the adder.
The adder bites you.
You are poisoned.
The adder poisons you! The adder bites you.
You are lethally poisoned!
The adder poisons you!
You shoot an arrow. The arrow closely misses the adder.
You feel very sick. The adder completely misses you. The adder bites you.
You are more poisoned.
The adder poisons you!
You are too injured to fight recklessly!
You are too injured to fight recklessly!
* * * LOW HITPOINT WARNING * * *
You feel sick.
* * * LOW HITPOINT WARNING * * *
You feel sick.
It was a potion of attraction.
You feel attractive to monsters.
You die...

####...####.##.#
####.........#.##.#
.............#.##.###
##.#.........#.##...
#.####...####.##..#
#.# #...# #.##..#
#### #.#
#...####.##..# ....
#.# ##......††...#..#
#.# #........@.S...#
#.# #######.###.#.##
#.# #.# #...# #.# ..#
#.### #.# #### #..
#.### #.# #...# #.#
###.# #.# #.#


You could see an adder.

Vanquished Creatures
  3 endoplasms
  4 giant cockroaches
  A hobgoblin (D:1)
  2 jackals (D:1)
  2 quokkas
  2 ball pythons (D:1)
  3 bats
  3 kobolds
  4 rats
24 creatures vanquished.

Notes
Turn   | Place    | Note
-------+----------+-------------------------------------------
     0 | D:1      | wormed the Spriggan Hunter began the quest for the Orb.
     0 | D:1      | Reached XP level 1. HP: 10/10 MP: 2/2
   132 | D:1      | Reached XP level 2. HP: 15/15 MP: 3/3
   704 | D:2      | Succumbed to an adder's poison

Illustrated notes

Levels and vault maps discovered:
D:1:      evilmike_arrival_home_sweet_home, layout_basic
D:2:      layout_loops_ring, basic_altar, uniq_terence

Skill      XL: |  1  2 |
---------------+-------+-----
Stealth        | 2 |  2.5
Dodging        | 3 |  3.1
Fighting       | |  1.9
Ranged Weapons | |  4.3

Action                   || total
-------------------------++-------
 Fire: Shortbow          ||    65
  Use: Potion            ||     1
Armor: Robe              ||     1
Dodge: Dodged            ||    35

Table legend: (Time is in decaauts)
 A = Elapsed time spent in this place.
 B = Non-inter-level travel time spent in this place.
 C = Inter-level travel time spent in this place.
 D = Time resting spent in this place.
 E = Time spent auto-exploring this place.
 F = Levels seen in this place.
 G = Mean time per level.
                   A        B        C        D        E       F      G
               +--------+--------+--------+--------+--------+-----+--------+
         Total |    482 |    472 |     10 |      0 |    363 |   2 |  241.0 |
       Dungeon |    482 |    472 |     10 |      0 |    363 |   2 |  241.0 |
               +--------+--------+--------+--------+--------+-----+--------+

Top non-repeatable levels by time:
     D:1: 321 daAuts
     D:2: 161 daAuts
